 Dungeon Sprint DCSS version 0.21.1-1-g345015f (webtiles) character file.

0 doot the Cudgeler (level 1, -3/22 HPs)
             Began as a Troll Berserker on June 6, 2018.
             Was a Believer of Trog.
             Killed by divine providence
             ... invoked by an orc priest
              (15 damage)
             ... in the Dungeon (Sprint VI: "Thunderdome").
             The game lasted 00:00:46 (145 turns).

doot the Cudgeler (Troll Berserker)                  Turns: 145, Time: 00:00:47

Health: -3/22      AC:  5    Str: 24    XL:     1   Next: 83%
Magic:  9/9        EV: 10    Int:  3    God:    Trog [**....]
Gold:   65         SH:  0    Dex:  9    Spells: 0/0 levels left

rFire    . . .     SeeInvis .   a - +0 mace
rCold    . . .     Gourm    +   (no shield)
rNeg     + . .     Faith    .   b - +0 animal skin
rPois    +         Spirit   .   (helmet restricted)
rElec    +         Reflect  .   (no cloak)
rCorr    .         Harm     .   (gloves unavailable)
MR       +....     NoTele   +   (boots unavailable)
Stlth    ..........             o - amulet of Yhemida {-Tele *Drain rElec rPois Regen+}
HPRegen  0.87/turn              n - ring of Poucsiru {rN+ MP+9}
MPRegen  0.11/turn              p - ring of the Stag {MR+ Slay+3 Stlth-}

@: no status effects
A: large, unfitting armour, claws 3, fast metabolism 3, gourmand, regeneration
1, shaggy fur 1, tough skin 2
a: Berserk, Trog's Hand, Burn Spellbooks, Renounce Religion


You were in the Dungeon.
You worshipped Trog.
Trog was pleased with you.
You were not hungry.

You visited 1 branch You collected 200 gold pieces.
You spent 135 gold pieces at shops.

Inventory:

Hand Weapons
 a - a +0 mace (weapon)
Armour
 b - a +0 animal skin (worn)
Jewellery
 n - the ring of Poucsiru (left claw) {rN+ MP+9}
   (You bought it in a shop in the Dungeon)

   [ring of magical power]

   It protects you from negative energy.
   It affects your magic capacity (+9).
 o - the amulet of Yhemida (around neck) {-Tele *Drain rElec rPois Regen+}
   (You bought it in a shop in the Dungeon)

   [amulet of regeneration]

   It insulates you from electricity.
   It protects you from poison.
   It prevents most forms of teleportation.
   It increases your rate of regeneration.
   It causes draining when unequipped.
 p - the ring of the Stag (right claw) {MR+ Slay+3 Stlth-}
   (You bought it in a shop in the Dungeon)

   [ring of loudness]

   It affects your accuracy and damage with ranged weapons and melee attacks
   (+3).
   It affects your resistance to hostile enchantments.
   It makes you less stealthy.
Wands
 j - a wand of acid (5)
 k - a wand of iceblast (5)
Scrolls
 i - 4 scrolls of blinking
 l - 3 scrolls of fog
Potions
 d - a potion of curing
 e - 4 potions of heal wounds
 f - 4 potions of haste
 g - 2 potions of magic
 h - a potion of berserk rage
 m - a potion of resistance
Comestibles
 c - 2 rations


   Skills:
 + Level 2.9 Fighting
 + Level 3.4 Maces & Flails
 + Level 3.0 Dodging


You couldn't memorise any spells.
You didn't know any spells.

Dungeon Overview and Level Annotations

Branches:
Dungeon (1/1)

Altars:
Cheibriados
Dithmenos
Fedhas
Gozag
Kikubaaqudgha
Makhleb
Okawaru
Qazlal
Ru
Sif Muna
Trog
Uskayaw
Vehumet
Wu Jian
Xom
Yredelemnul
Zin
The Shining One
Beogh
Jiyva
Lugonu

Shops:
D *[%??*?*:[((!!!!

Annotations:
D Terence


Innate Abilities, Weirdness & Mutations

You are too large for most types of armour.
You have claws for hands.
Your metabolism is lightning-fast.
You like to eat raw meat.
Your natural rate of healing is unusually fast.
You are covered in fur. (AC +1)
You have very tough skin. (AC +2)


Message History

Ouch! That really hurt!
The kobold barely misses you.
You hit the kobold.
You kill the kobold!
Trog accepts your kill.
Your Dodging skill increases to level 3!
The orc priest barely misses you.
Things that are here:
a dagger; a kobold corpse Terence hits you but does no damage.
The orc priest looks braver for a moment.
The orc priest looks encouraged for a moment.
Terence says, "Rest in peace."
You thump Terence!
Terence is moderately wounded.
Terence hits you with a falchion.
The orc priest mumbles some strange prayers to Beogh against you.
Beogh smites you!
Ouch! That really hurt!
You die...

#_......._# #_......._#
###.........### #⌠....((..)..⌠#
######.8.........8.######
##∩_._......###.o...._._∩##
###∩........8.# #.8........∩###
#.............###@............##
⌠..........###..@###..........⌠#
⌠..........# #.<.# #..........⌠#
⌠..........###...###..........⌠#
#.............###.............##
###∩........8.# #.8........∩###
##∩__.......###......___∩##
######.8.....r.†.8.######
#⌠...........⌠# ###.........###


You could see Terence and an orc priest.

Vanquished Creatures
  An adder skeleton (D)
  A giant cockroach (D)
  A kobold (D)
  A rat (D)
4 creatures vanquished.

Notes
Turn   | Place    | Note
-------+----------+-------------------------------------------
     0 | D        | doot the Troll Berserker began the quest for the Orb.
     0 | D        | Reached XP level 1. HP: 22/22 MP: 0/0
     1 | D        | Found an iron altar of Okawaru.
     1 | D        | Found a blossoming altar of Fedhas.
     2 | D        | Found a glowing golden altar of the Shining One.
     3 | D        | Found an opulent altar of Gozag.
     3 | D        | Found a radiant altar of Vehumet.
     4 | D        | Found Piocusuj's Delicious Food.
     4 | D        | Found a sacrificial altar of Ru.
     4 | D        | Found Ytyifaf's Identification Station.
     5 | D        | Found Gaelily's Jewellery.
     5 | D        | Found Lucs's Advanced Armour.
     5 | D        | Round 1.
    13 | D        | Bought a brightly glowing iron ring for 45 gold pieces
    13 | D        | Bought a scintillating diamond amulet for 45 gold pieces
    13 | D        | Bought a bound bone ring for 45 gold pieces
    13 | D        | Identified the ring of Poucsiru {rN+ MP+9} (You bought it in a shop in the Dungeon)
    14 | D        | Identified the amulet of Yhemida {-Tele *Drain rElec rPois Regen+} (You bought it in a shop in the Dungeon)
    15 | D        | Identified the ring of the Stag {MR+ Slay+3 Stlth-} (You bought it in a shop in the Dungeon)
    19 | D        | Found a snail-covered altar of Cheibriados.
    20 | D        | Found a shadowy altar of Dithmenos.
    21 | D        | Found a glowing silver altar of Zin.
    22 | D        | Found Cezuuciq's Premium Goods.
    23 | D        | Found Asiong's Miscellaneous Merchandise.
    23 | D        | Found Wufehuwk's Basic Armour.
    24 | D        | Found a shimmering altar of Xom.
    24 | D        | Found a corrupted altar of Lugonu.
    24 | D        | Found a viscous altar of Jiyva.
    24 | D        | Found Gekhoep's Weapon Rack.
   104 | D        | Found a roughly hewn altar of Beogh.
   105 | D        | Found an ornate altar of the Wu Jian Council.
   105 | D        | Found an ancient bone altar of Kikubaaqudgha.
   112 | D        | Found Xuseotte's Do-It-Yourself Clinic.
   113 | D        | Found Cishronk's Bottled Wisdom.
   113 | D        | Found Huehok's Distillery.
   113 | D        | Found a hide-covered altar of Uskayaw.
   113 | D        | Found a deep blue altar of Sif Muna.
   113 | D        | Found Qyfofo's Distillery.
   117 | D        | Found a basalt altar of Yredelemnul.
   120 | D        | Found a stormy altar of Qazlal.
   121 | D        | Found a bloodstained altar of Trog.
   122 | D        | Found Haugg's Staff Store.
   123 | D        | Found a burning altar of Makhleb.
   123 | D        | Found Hemiogg's Magic Scroll Shop.
   123 | D        | Found Comets's Must-Have Magic.
   123 | D        | Found Lajif's Magic Scroll Shop.
   131 | D        | Reached ** piety under Trog
   134 | D        | Noticed an orc priest
   135 | D        | Noticed Terence
   145 | D        | Killed from afar by an orc priest

Skill      XL: |  1 |
---------------+----+-----
Maces & Flails | 3 |  3.4
Dodging        | 3 |  3.0
Fighting       | |  2.9

Action                   || total
-------------------------++-------
Melee: Mace              ||    15
Armor: Animal skin       ||     6
Dodge: Dodged            ||     8
